 Dungeon Crawl Stone Soup version 0.28-a0-1518-gbe868bca14 (webtiles) character file.

Game seed: 17787126836045378478

13412 oldriver the Carver (level 12, 0/144 HPs)
             Began as a Gnoll Cinder Acolyte on Jan 16, 2022.
             Was a High Priest of Ignis.
             Succumbed to a cane toad's poison
             ... on level 2 of the Lair of Beasts.
             The game lasted 00:35:30 (18457 turns).

oldriver the Carver (Gnoll Cinder Acolyte)         Turns: 18457, Time: 00:35:30

Health: 0/144      AC: 21    Str: 18    XL:     12   Next: 5%
Magic:  4/23       EV: 12    Int: 13    God:    Ignis [*****.]
Gold:   611        SH:  5    Dex:  9    Spells: 19/26 levels left

rFire   + . .      SeeInvis .   q - +1 whip (flame)
rCold   + . .      Faith    .   x - +0 buckler
rNeg    . . .      Spirit   .   A - +4 ring mail
rPois   .          Reflect  .   v - +0 helmet
rElec   .          Harm     .   D - +1 cloak {Will+}
rCorr   .          Rampage  .   (no gloves)
Will    +....                   (no boots)
Stlth   ..........              (no amulet)
HPRegen 0.34/turn               d - ring of protection from cold
MPRegen 0.18/turn               (no ring)

@: berserking (expiring), lethally poisoned (0 -> -4), fiery-armoured, hasted,
very quick
A: fangs 1, strong nose, distributed training
a: Renounce Religion, Fiery Armour, Foxfire Swarm, Rising Flame


You were on level 2 of the Lair of Beasts.
You worshipped Ignis.
Ignis was extremely pleased with you.
You visited 2 branches of the dungeon, and saw 12 of its levels.

You collected 611 gold pieces.

Inventory:

Hand Weapons
 a - a -1 falchion of flaming
 f - a +0 whip of holy wrath
 q - a +1 whip of flaming (weapon)
 r - a +4 trident
Missiles
 i - 3 poisoned darts
Armour
 v - a +0 helmet (worn)
 w - the +0 robe "Repe Kut" {rF+ rC+ rCorr Stlth-}
   (You found it on level 6 of the Dungeon)

   rF:        It protects you from fire.
   rC:        It protects you from cold.
   rCorr:     It protects you from acid and corrosion.
   Stlth:     It makes you less stealthy.
 x - a +0 buckler (worn)
 A - a +4 ring mail (worn)
 D - a +1 cloak of willpower (worn)
Jewellery
 d - a ring of protection from cold (left hand)
 y - a ring of ice
Wands
 h - a wand of digging (5)
 p - a wand of charming (11)
 t - a wand of flame (11)
 F - a wand of mindburst (6)
Scrolls
 j - 3 scrolls of noise
 k - 2 scrolls of blinking
 n - 4 scrolls of teleportation
 s - 3 scrolls of identify
 u - a scroll of amnesia
 H - a scroll of fear
 I - a scroll of silence {unknown}
Potions
 b - a potion of resistance {unknown}
 c - a potion of haste
 e - 2 potions of ambrosia
 g - a potion of magic {unknown}
 l - 3 potions of mutation {unknown}
 m - a potion of berserk rage
 o - 2 potions of heal wounds {unknown}
 z - a potion of attraction {unknown}
 B - 2 potions of degeneration {unknown}
 C - a potion of flight {unknown}
 E - a potion of curing {unknown}
 J - 2 potions of invisibility {unknown}
 K - a potion of might {unknown}
Miscellaneous
 G - a phantom mirror


   Skills:
 + Level 9.6 Fighting
 + Level 6.9 Short Blades
 + Level 9.6 Long Blades
 + Level 6.9 Axes
 + Level 6.9 Maces & Flails
 + Level 6.9 Polearms
 + Level 6.9 Staves
 + Level 6.9 Slings
 + Level 6.9 Bows
 + Level 6.9 Crossbows
 + Level 6.9 Throwing
 + Level 6.9 Armour
 + Level 6.9 Dodging
 + Level 6.9 Stealth
 + Level 6.9 Shields
 + Level 6.9 Unarmed Combat
 + Level 7.5 Spellcasting
 + Level 5.7 Conjurations
 + Level 5.7 Hexes
 + Level 5.7 Summonings
 + Level 5.7 Necromancy
 + Level 5.7 Translocations
 + Level 5.7 Transmutations
 + Level 8.0 Fire Magic
 + Level 5.7 Ice Magic
 + Level 5.7 Air Magic
 + Level 5.7 Earth Magic
 + Level 5.7 Poison Magic
 + Level 7.5 Invocations
 + Level 6.9 Evocations


You had 19 spell levels left.
You knew the following spells:

 Your Spells              Type           Power      Damage    Failure   Level
a - Scorch                Fire           50%        2d8       1%          2
b - Blink                 Tloc           38%        N/A       4%          2
c - Stone Arrow           Conj/Erth      38%        3d9       9%          3

Your spell library contained the following spells:

 Spells                   Type           Power      Damage    Failure   Level
 Inner Flame              Hex/Fire       22%        N/A       5%          3
 Lesser Beckoning         Tloc           19%        N/A       9%          3
 Animate Armour           Summ/Erth      38%        N/A       28%         4
 Cause Fear               Hex            9%         N/A       28%         4
 Summon Ice Beast         Ice/Summ       19%        N/A       28%         4
 Manifold Assault         Tloc           19%        N/A       63%         5
 Summon Mana Viper        Hex/Summ       19%        N/A       63%         5
 Monstrous Menagerie      Summ           9%         N/A       100%        7
 Discord                  Hex            9%         N/A       100%        8
 Lehudib's Crystal Spear  Conj/Erth      9%         10d4      100%        8


Dungeon Overview and Level Annotations

Branches:
Dungeon (10/15)            Temple (0/1) D:4            Lair (2/6) D:9
  Swamp: Lair:2-4    Shoals: Lair:2-4     Snake: Lair:2-4    Spider: Lair:2-4
    Orc: D:9-12

Altars:
Ashenzari
Cheibriados
Dithmenos
Gozag
Kikubaaqudgha
Nemelex Xobeh
Ru
Trog
Uskayaw
Yredelemnul
Beogh


Innate Abilities, Weirdness & Mutations

You have very sharp teeth.
Your uncanny sense of smell can sniff out nearby items.
Your experience applies equally to all skills.


Message History

Unknown command.
You hit the cane toad. You burn the cane toad. You bite the cane toad.
The cane toad is moderately wounded.
* * * LOW HITPOINT WARNING * * *
You feel sick. You block the cane toad's attack.
You hit the cane toad. You burn the cane toad.
The cane toad is heavily wounded.
* * * LOW HITPOINT WARNING * * *
You feel sick.
You whack the cane toad! You burn the cane toad. You bite the cane toad.
The cane toad is almost dead.
* * * LOW HITPOINT WARNING * * *
You feel sick. The cane toad closely misses you.
You hit the cane toad. You burn the cane toad.
The cane toad is almost dead.
* * * LOW HITPOINT WARNING * * *
You feel sick. The wolf bites you but does no damage.
You hit the cane toad. You burn the cane toad.
You kill the cane toad!
* * * LOW HITPOINT WARNING * * *
You feel sick. The wolf bites you but does no damage.
You whack the wolf! You burn the wolf. Your bite misses the wolf.
The wolf is heavily wounded.
* * * LOW HITPOINT WARNING * * *
You feel sick. You block the wolf's attack.
You miss the wolf.
The wolf is heavily wounded.
* * * LOW HITPOINT WARNING * * *
You feel sick. The wolf bites you but does no damage.
The wolf is burned by your cloak of flames.
The wolf is heavily wounded.
Your magical contamination has completely faded away.
Okay, then.
You barely miss the wolf.
The wolf is heavily wounded.
* * * LOW HITPOINT WARNING * * *
You feel sick. The wolf barely misses you.
You closely miss the wolf.
The wolf is heavily wounded.
You die...

.......
.......
......?
....... #
.......#. .
......##
...
#...h#.....
#.@†......
#...#.....
##.## ...
... . ∆ ...
..... .....
.!.....


You could see a wolf.

Vanquished Creatures
  3 hydras
  2 two-headed ogres
  Pikel (D:4)
  An ugly thing (D:7)
  Maurice (D:8)
  4 cane toads
  3 komodo dragons (Lair:1)
  A hornet (D:9)
  Prince Ribbit (D:5)
  A shadow (D:6)
  6 yaks (Lair:1)
  A wyvern (D:9)
  7 water moccasins
  A sky beast (D:5)
  3 black bears
  4 orc warriors
  An ice beast (D:5)
  2 necrophages (D:5)
  3 ogres
  7 wolves
  3 centaurs
  2 phantoms
  9 bullfrogs
  4 scorpions
  A wyvern zombie (D:9)
  A water moccasin skeleton (D:5)
  12 killer bees
  4 wights (D:9)
  An electric eel (Lair:1)
  A howler monkey (D:6)
  A centaur zombie (D:8)
  2 hounds
  6 jellies
  3 orc priests
  4 bullfrog zombies
  3 iguanas
  Natasha (thrice) (D:2)
  5 orc wizards
  2 killer bee zombies
  A hound skeleton (D:5)
  A howler monkey zombie (D:8)
  5 gnolls
  8 adders
  A shadow imp (D:5)
  3 white imps
  An ufetubus (D:6)
  A dart slug (D:3)
  3 worms
  38 orcs
  8 endoplasms
  8 giant cockroaches
  5 hobgoblins
  7 jackals
  10 kobolds
  3 quokkas
  9 ball pythons
  6 bats
  3 frilled lizards
  10 goblins
  3 rats
254 creatures vanquished.

Vanquished Creatures (others)
  12 fungi
  14 plants
26 creatures vanquished.

Grand Total: 280 creatures vanquished

Notes
Turn   | Place    | Note
-------+----------+-------------------------------------------
     0 | D:1      | oldriver the Gnoll Cinder Acolyte began the quest for the
                  | Orb.
     0 | D:1      | Reached XP level 1. HP: 23/23 MP: 4/4
   194 | D:1      | Found a faded altar of an unknown god.
   223 | D:1      | Reached XP level 2. HP: 17/29 MP: 5/5
   436 | D:1      | Learned a level 2 spell: Scorch
  1511 | D:2      | Reached XP level 3. HP: 35/35 MP: 1/7
  1713 | D:2      | Noticed Natasha
  1717 | D:2      | Killed Natasha
  1718 | D:2      | Reached skill level 1 in Short Blades
  1718 | D:2      | Reached skill level 1 in Axes
  1718 | D:2      | Reached skill level 1 in Maces & Flails
  1718 | D:2      | Reached skill level 1 in Polearms
  1718 | D:2      | Reached skill level 1 in Staves
  1718 | D:2      | Reached skill level 1 in Slings
  1718 | D:2      | Reached skill level 1 in Bows
  1718 | D:2      | Reached skill level 1 in Crossbows
  1718 | D:2      | Reached skill level 1 in Throwing
  1718 | D:2      | Reached skill level 1 in Armour
  1718 | D:2      | Reached skill level 1 in Dodging
  1718 | D:2      | Reached skill level 1 in Stealth
  1718 | D:2      | Reached skill level 1 in Shields
  1718 | D:2      | Reached skill level 1 in Unarmed Combat
  1718 | D:2      | Reached skill level 1 in Invocations
  1718 | D:2      | Reached skill level 1 in Evocations
  1810 | D:2      | Noticed Natasha
  1813 | D:2      | Killed Natasha
  1814 | D:2      | Reached XP level 4. HP: 35/41 MP: 3/8
  1876 | D:2      | Noticed Natasha
  1881 | D:2      | Killed Natasha
  1882 | D:2      | Reached skill level 1 in Conjurations
  1882 | D:2      | Reached skill level 1 in Hexes
  1882 | D:2      | Reached skill level 1 in Summonings
  1882 | D:2      | Reached skill level 1 in Necromancy
  1882 | D:2      | Reached skill level 1 in Translocations
  1882 | D:2      | Reached skill level 1 in Transmutations
  1882 | D:2      | Reached skill level 1 in Ice Magic
  1882 | D:2      | Reached skill level 1 in Air Magic
  1882 | D:2      | Reached skill level 1 in Earth Magic
  1882 | D:2      | Reached skill level 1 in Poison Magic
  2260 | D:2      | Reached XP level 5. HP: 47/47 MP: 2/9
  3469 | D:3      | Noticed a water moccasin
  3648 | D:3      | Killed a water moccasin
  3649 | D:3      | Reached XP level 6. HP: 53/53 MP: 1/11
  4177 | D:3      | Noticed a black bear
  4181 | D:3      | Killed a black bear
  4498 | D:4      | Noticed Pikel
  4504 | D:4      | Killed Pikel
  4505 | D:4      | Reached XP level 7. HP: 44/60 MP: 1/13
  4683 | D:4      | Reached XP level 8. HP: 67/67 MP: 7/14
  5100 | D:4      | Found a staircase to the Ecumenical Temple.
  5726 | D:5      | Entered Level 5 of the Dungeon
  6145 | D:5      | Noticed Prince Ribbit
  6173 | D:5      | Killed Prince Ribbit
  7343 | D:5      | You fall into a shaft and drop 3 floors!
  7552 | D:7      | Reached XP level 9. HP: 72/72 MP: 7/16
  7662 | D:7      | Noticed a brown ugly thing
  8072 | D:6      | Reached skill level 5 in Spellcasting
  9161 | D:6      | Identified the +0 robe "Repe Kut" {rF+ rC+ rCorr Stlth-}
 10039 | D:5      | Reached skill level 5 in Invocations
 10744 | D:7      | Noticed a two-headed ogre
 10889 | D:7      | Found an opulent altar of Gozag.
 10948 | D:7      | Reached XP level 10. HP: 80/80 MP: 9/18
 11240 | D:7      | Killed a two-headed ogre
 11241 | D:7      | Reached skill level 5 in Short Blades
 11241 | D:7      | Reached skill level 5 in Axes
 11241 | D:7      | Reached skill level 5 in Maces & Flails
 11241 | D:7      | Reached skill level 5 in Polearms
 11241 | D:7      | Reached skill level 5 in Staves
 11241 | D:7      | Reached skill level 5 in Slings
 11241 | D:7      | Reached skill level 5 in Bows
 11241 | D:7      | Reached skill level 5 in Crossbows
 11241 | D:7      | Reached skill level 5 in Throwing
 11241 | D:7      | Reached skill level 5 in Armour
 11241 | D:7      | Reached skill level 5 in Dodging
 11241 | D:7      | Reached skill level 5 in Stealth
 11241 | D:7      | Reached skill level 5 in Shields
 11241 | D:7      | Reached skill level 5 in Unarmed Combat
 11241 | D:7      | Reached skill level 5 in Evocations
 11699 | D:7      | Killed a brown ugly thing
 12477 | D:8      | Noticed Maurice
 12491 | D:8      | Killed Maurice
 12717 | D:9      | Noticed a two-headed ogre
 12894 | D:9      | Found a shadowy altar of Dithmenos.
 13322 | D:9      | Found a staircase to the Lair.
 13452 | D:9      | Found a snail-covered altar of Cheibriados.
 13492 | D:9      | Killed a two-headed ogre
 13493 | D:9      | Reached XP level 11. HP: 22/87 MP: 2/20
 14727 | D:8      | Reached skill level 5 in Conjurations
 14727 | D:8      | Reached skill level 5 in Hexes
 14727 | D:8      | Reached skill level 5 in Summonings
 14727 | D:8      | Reached skill level 5 in Necromancy
 14727 | D:8      | Reached skill level 5 in Translocations
 14727 | D:8      | Reached skill level 5 in Transmutations
 14727 | D:8      | Reached skill level 5 in Ice Magic
 14727 | D:8      | Reached skill level 5 in Air Magic
 14727 | D:8      | Reached skill level 5 in Earth Magic
 14727 | D:8      | Reached skill level 5 in Poison Magic
 14731 | D:8      | Learned a level 2 spell: Blink
 14735 | D:8      | Learned a level 3 spell: Stone Arrow
 15139 | D:9      | Found a sacrificial altar of Ru.
 15145 | D:9      | Found an ancient bone altar of Kikubaaqudgha.
 15149 | D:9      | Found a sparkling altar of Nemelex Xobeh.
 15155 | D:9      | Found a basalt altar of Yredelemnul.
 15160 | D:9      | Found a hide-covered altar of Uskayaw.
 15166 | D:9      | Found a bloodstained altar of Trog.
 15170 | D:9      | Found a broken altar of Ashenzari.
 15786 | D:10     | Entered Level 10 of the Dungeon
 15922 | D:10     | Noticed a two-headed ogre
 16113 | Lair:1   | Entered Level 1 of the Lair of Beasts
 16226 | Lair:1   | Noticed a seven-headed hydra
 16232 | Lair:1   | Killed a seven-headed hydra
 16756 | Lair:1   | Noticed a seven-headed hydra
 16826 | Lair:1   | Killed a seven-headed hydra
 18429 | Lair:2   | Noticed a four-headed hydra
 18436 | Lair:2   | Killed a four-headed hydra
 18442 | Lair:2   | Reached XP level 12. HP: 24/96 MP: 2/23
 18450 | Lair:2   | HP: 7/144 [poisoned by a cane toad]
 18453 | Lair:2   | HP: 3/144 [poisoned by a cane toad]
 18455 | Lair:2   | HP: 1/144 [poisoned by a cane toad]
 18457 | Lair:2   | Succumbed to a cane toad's poison

Illustrated notes

Levels and vault maps discovered:
D:1:      dpeg_arrival_three_same_balls, layout_loops_corners,
          hellmonk_ecumenical_altar_arch_garden
D:2:      layout_basic, chequers_avenue, minmay_small_reverse_x, uniq_natasha
D:3:      layout_loops_ring, minmay_misc_feat_hallway
D:4:      layout_loops_ring, minmay_temple_entry_mist, uniq_pikel
D:5:      minmay_chambers_of_threes, layout_layer_cave,
          minmay_misc_feat_encased, uniq_prince_ribbit1
D:6:      layout_loops_ring, st_stairs_14, minmay_curled_crystal
D:7:      layout_layer_cave, kennysheep_little_box
D:8:      layout_rooms, uniq_maurice
D:9:      layout_roguey [special_room_orc], mainiacjoe_overflow_boulevard,
          cheibriados_altar_1, grunt_temple_overflow_octagram,
          grunt_lair_entry_orc_guard_hut
D:10:     layout_irregular_city, nzn_wu_jian_contemplation, david_orc_3
Lair:1:   layout_roguey, grunt_megastairs_3, infiniplex_staircase_pool
Lair:2:   layout_regular_city, minmay_swamp_entry_worms,
          minmay_snake_entry_six_corridors, beast_lair_carwin_8

Skill      XL: |  1  2  3  4  5  6  7  8  9 10 11 |
---------------+----------------------------------+-----
Short Blades   | 1 2 3 4 5 6 |  6.9
Axes           | 1 2 3 4 5 6 |  6.9
Maces & Flails | 1 2 3 4 5 6 |  6.9
Polearms       | 1 2 3 4 5 6 |  6.9
Staves         | 1 2 3 4 5 6 |  6.9
Slings         | 1 2 3 4 5 6 |  6.9
Bows           | 1 2 3 4 5 6 |  6.9
Crossbows      | 1 2 3 4 5 6 |  6.9
Throwing       | 1 2 3 4 5 6 |  6.9
Armour         | 1 2 3 4 5 6 |  6.9
Dodging        | 1 2 3 4 5 6 |  6.9
Stealth        | 1 2 3 4 5 6 |  6.9
Shields        | 1 2 3 4 5 6 |  6.9
Unarmed Combat | 1 2 3 4 5 6 |  6.9
Invocations    | 1 2 3 4 5 6 7 |  7.5
Evocations     | 1 2 3 4 5 6 |  6.9
Spellcasting   | 3 4 5 6 7 |  7.5
Conjurations   | 1 2 3 4 5 |  5.7
Hexes          | 1 2 3 4 5 |  5.7
Summonings     | 1 2 3 4 5 |  5.7
Necromancy     | 1 2 3 4 5 |  5.7
Translocations | 1 2 3 4 5 |  5.7
Transmutations | 1 2 3 4 5 |  5.7
Ice Magic      | 1 2 3 4 5 |  5.7
Air Magic      | 1 2 3 4 5 |  5.7
Earth Magic    | 1 2 3 4 5 |  5.7
Poison Magic   | 1 2 3 4 5 |  5.7
Fighting       | 7 8 9 |  9.6
Long Blades    | 7 8 9 |  9.6
Fire Magic     | 6 7 8 |  8.0

Action                   |  1- 3 |  4- 6 |  7- 9 | 10-12 || total
-------------------------+-------+-------+-------+-------++-------
Melee: Falchion          |    34 |       |       |       ||    34
       Bite              |     3 |     2 |     8 |    21 ||    34
       Whip              |    11 |    20 |    66 |   163 ||   260
       Punch             |       |       |     1 |       ||     1
Throw: Dart              |       |       |     4 |    20 ||    24
 Cast: Scorch            |    24 |    63 |   193 |   132 ||   412
       Stone Arrow       |       |       |       |   107 ||   107
Invok: Fiery Armour      |       |       |       |     3 ||     3
Evoke: Wand              |       |       |       |     1 ||     1
  Use: Scroll            |       |       |     9 |     3 ||    12
       Potion            |       |       |       |     2 ||     2
 Stab: Sleeping          |       |       |       |     1 ||     1
Armor: Robe              |     9 |     9 |     4 |       ||    22
       Ring mail         |       |       |    46 |   120 ||   166
Dodge: Dodged            |    37 |    34 |    83 |   180 ||   334
Block: Buckler           |       |       |    15 |    65 ||    80

Table legend: (Time is in decaauts)
 A = Elapsed time spent in this place.
 B = Non-inter-level travel time spent in this place.
 C = Inter-level travel time spent in this place.
 D = Time resting spent in this place.
 E = Time spent auto-exploring this place.
 F = Levels seen in this place.
 G = Mean time per level.
                   A        B        C        D        E       F      G
               +--------+--------+--------+--------+--------+-----+--------+
         Total |  18431 |  17848 |    583 |   6430 |   8452 |  12 | 1535.9 |
       Dungeon |  16109 |  15526 |    583 |   5356 |   7588 |  10 | 1610.9 |
          Lair |   2322 |   2322 |      0 |   1074 |    864 |   2 | 1161.0 |
               +--------+--------+--------+--------+--------+-----+--------+

Top non-repeatable levels by time:
     D:9: 2671 daAuts
     D:5: 2652 daAuts
     D:7: 2322 daAuts
  Lair:1: 2029 daAuts
     D:3: 1584 daAuts
     D:2: 1549 daAuts
     D:1: 1457 daAuts
     D:4: 1403 daAuts
     D:8: 1265 daAuts
     D:6: 1179 daAuts
  Lair:2: 292 daAuts
    D:10: 22 daAuts
